 Dungeon Crawl Stone Soup version 0.28-a0-628-g3c9886e45e (webtiles) character file.

Game seed: 16835400822541981287

150 porpoise the Magician (level 5, -2/28 HPs)
             Began as a Deep Elf Conjurer on Oct 9, 2021.
             Slain by Crazy Yiuf (8 damage)
             ... on level 2 of the Dungeon.
             The game lasted 00:06:27 (2252 turns).

porpoise the Magician (Deep Elf Conjurer)           Turns: 2252, Time: 00:06:29

Health: -2/28      AC:  2    Str:  4    XL:     5   Next: 10%
Magic:  6/15       EV: 12    Int: 30    God:
Gold:   66         SH:  0    Dex: 13    Spells: 4/15 levels left

rFire   . . .      SeeInvis .   a - +2 dagger (venom)
rCold   . . .      Faith    .   (no shield)
rNeg    + . .      Spirit   .   c - +0 robe
rPois   .          Reflect  .   (no helmet)
rElec   .          Harm     .   (no cloak)
rCorr   .          Rampage  .   (no gloves)
Will    .....                   (no boots)
Stlth   ++........              (no amulet)
HPRegen 0.09/turn               i - +6 ring of intelligence
MPRegen 0.14/turn               k - ring of positive energy

@: no status effects
A: no striking features
a: no special abilities


You were on level 2 of the Dungeon.
You visited 1 branch of the dungeon, and saw 2 of its levels.

You collected 66 gold pieces.

Inventory:

Hand Weapons
 a - a +2 dagger of venom (weapon)
Missiles
 e - 36 stones
Armour
 c - a +0 robe (worn)
Magical Staves
 b - a staff of cold
Jewellery
 i - a +6 ring of intelligence (left hand)
 k - a ring of positive energy (right hand)
Wands
 n - a wand of iceblast (13)
Scrolls
 f - a scroll of identify {unknown}
 j - a scroll of fear {unknown}
 l - a scroll of silence {unknown}
Potions
 d - a potion of flight {unknown}
 g - a potion of curing {unknown}
 h - a potion of brilliance {unknown}
 m - a potion of berserk rage {unknown}
 o - a potion of heal wounds {unknown}


   Skills:
 - Level 2.4 Dodging
 - Level 2.4 Stealth
 + Level 5.5 Spellcasting
 - Level 5.4 Conjurations
 + Level 2.4 Hexes


You had 4 spell levels left.
You knew the following spells:

 Your Spells              Type           Power      Damage    Failure   Level
a - Magic Dart            Conj           100%       1d8       1%          1
b - Searing Ray           Conj           80%        2d7       1%          2
c - Fulminant Prism       Conj/Hex       15%        3d11      11%         4
d - Iskenderun's Mystic   Conj/Tloc      24%        2d7       19%         4

Your spell library contained the following spells:

 Spells                   Type           Power      Damage    Failure   Level
 Shock                    Conj/Air       96%        1d9       1%          1
 Dazzling Flash           Conj/Hex       62%        N/A       3%          3
 Portal Projectile        Hex/Tloc       30%        N/A       11%         3
 Swiftness                Air            8%         N/A       17%         3
 Airstrike                Air            4%         N/A       50%         4
 Blade Hands              Tmut           4%         N/A       83%         5
 Excruciating Wounds      Necr           4%         N/A       83%         5


Dungeon Overview and Level Annotations

Branches:
Dungeon (2/15)

Altars:

Annotations:
D:2 Crazy Yiuf


Message History

The fungus begins to die.
The fungus is lightly damaged.
The mystic blast hits the fungus.
The fungus begins to die.
The fungus is lightly damaged.
The mystic blast hits the fungus!
The fungus begins to die.
The fungus is lightly damaged.
The mystic blast hits the fungus!
The fungus begins to die.
The fungus is lightly damaged.
The mystic blast hits the fungus!
The fungus begins to die.
The fungus is lightly damaged.
A nearby fungus withers and dies. x2
A nearby fungus withers and dies. x3
Found a mace.
Found a runed translucent door.
Casting: Iskenderun's Mystic Blast (extremely dangerous; 19% risk of failure)
Confirm with . or Enter, or press ? or * to list all spells.
Okay, then.
Casting: Iskenderun's Mystic Blast (extremely dangerous; 19% risk of failure)
Confirm with . or Enter, or press ? or * to list all spells.
Okay, then.
Unknown command.
As you open the door, it creaks loudly!
Casting: Iskenderun's Mystic Blast (extremely dangerous; 19% risk of failure)
Confirm with . or Enter, or press ? or * to list all spells.
Aiming: Searing Ray (safe; 1% risk of failure)
Press: ? - help, Shift-Dir - straight line, f - Crazy Yiuf
Aim: Crazy Yiuf, wielding a +4 quarterstaff of chaos and wearing a +0 cloak (84% to hit)
The searing ray hits Crazy Yiuf.
Crazy Yiuf is moderately wounded. (Press . to maintain the ray.)
The searing ray hits Crazy Yiuf.
Crazy Yiuf is heavily wounded.
Crazy Yiuf hits you with a +4 quarterstaff of chaos!
You feel your power leaking away.
The searing ray hits Crazy Yiuf.
Crazy Yiuf is severely wounded.
Crazy Yiuf hits you with a +4 quarterstaff of chaos!
Ouch! That really hurt!
* * * LOW HITPOINT WARNING * * *
Crazy Yiuf burns you!
You die...

### ♣♣#### #)..#♣♣ ♣....##
###### #...g@♣♣♣♣♣.....#
...).# #...#♣..♣.......#
####.##### ### ♣♣♣.♣....#.#
# ##.#...# ♣♣♣♣♣###)# #
#..'...# #..#
######...##### ##.##
#..........#.###########..#
'.............>..........##
#.........################


You could see Crazy Yiuf.

Vanquished Creatures
  Natasha (thrice) (D:2)
  3 gnolls (D:2)
  An adder (D:2)
  A worm (D:2)
  A ball python (D:1)
  4 bats
  An endoplasm (D:1)
  3 giant cockroaches
  2 goblins
  4 hobgoblins
  3 quokkas (D:1)
  2 frilled lizards
  6 kobolds
  5 rats
39 creatures vanquished.

Vanquished Creatures (others)
  5 fungi (D:2)
5 creatures vanquished.

Grand Total: 44 creatures vanquished

Notes
Turn   | Place    | Note
-------+----------+-------------------------------------------
     0 | D:1      | porpoise the Deep Elf Conjurer began the quest for the Orb.
     0 | D:1      | Reached XP level 1. HP: 10/10 MP: 6/6
   279 | D:1      | Reached XP level 2. HP: 15/15 MP: 5/8
   282 | D:1      | Learned a level 2 spell: Searing Ray
   725 | D:1      | Found a faded altar of an unknown god.
  1118 | D:2      | Noticed Natasha
  1120 | D:2      | Killed Natasha
  1121 | D:2      | Reached skill level 5 in Conjurations
  1121 | D:2      | Reached XP level 3. HP: 19/19 MP: 6/10
  1278 | D:2      | Noticed Natasha
  1289 | D:2      | Killed Natasha
  1290 | D:2      | Reached XP level 4. HP: 19/24 MP: 7/12
  1358 | D:2      | Learned a level 4 spell: Fulminant Prism
  1363 | D:2      | Learned a level 4 spell: Iskenderun's Mystic Blast
  1533 | D:2      | Reached skill level 5 in Spellcasting
  1533 | D:2      | Reached skill level 1 in Hexes
  1736 | D:2      | Noticed Natasha
  1740 | D:2      | Killed Natasha
  1795 | D:2      | Reached XP level 5. HP: 28/28 MP: 6/14
  2231 | D:2      | Found a runed translucent door.
  2232 | D:2      | Noticed Crazy Yiuf
  2252 | D:2      | Slain by Crazy Yiuf

Illustrated notes

Levels and vault maps discovered:
D:1:      wander_arrival_chamber, layout_rooms,
          shapermc_ecumenical_altar_hornbeckon, minmay_hexomino_u4
D:2:      layout_basic, uniq_natasha, uniq_crazy_yiuf_cottage

Skill      XL: |  1  2  3  4 |
---------------+-------------+-----
Spellcasting   | 4 5 |  5.5
Conjurations   | 5 |  5.4
Hexes          | 2 |  2.4
Dodging        | |  2.4
Stealth        | |  2.4

Action                   |  1- 3 |  4- 6 || total
-------------------------+-------+-------++-------
 Cast: Magic Dart        |    45 |     4 ||    49
       Searing Ray       |     3 |    10 ||    13
       Iskenderun's Myst |       |     1 ||     1
Armor: Robe              |     1 |       ||     1
Dodge: Dodged            |     2 |     4 ||     6

Table legend: (Time is in decaauts)
 A = Elapsed time spent in this place.
 B = Non-inter-level travel time spent in this place.
 C = Inter-level travel time spent in this place.
 D = Time resting spent in this place.
 E = Time spent auto-exploring this place.
 F = Levels seen in this place.
 G = Mean time per level.
                   A        B        C        D        E       F      G
               +--------+--------+--------+--------+--------+-----+--------+
         Total |   2253 |   2243 |     10 |    917 |   1044 |   2 | 1126.5 |
       Dungeon |   2253 |   2243 |     10 |    917 |   1044 |   2 | 1126.5 |
               +--------+--------+--------+--------+--------+-----+--------+

Top non-repeatable levels by time:
     D:2: 1214 daAuts
     D:1: 1038 daAuts
